 Dungeon Crawl Stone Soup version 0.30-a0-1114-gd936c97349 (webtiles) character file.

Game seed: 967497451665821245

988 themarg the Firebug (level 7, -5/53 HPs)
             Began as a Demonspawn Cinder Acolyte on Apr 20, 2023.
             Was a High Priest of Ignis.
             Slain by an orc warrior
             ... wielding a +0 glaive
              (18 damage)
             ... on level 6 of the Dungeon.
             The game lasted 00:10:09 (5762 turns).

themarg the Firebug (Demonspawn Cinder Acolyte)     Turns: 5762, Time: 00:10:09

Health: -5/53      AC:  2    Str: 14    XL:     7   Next: 97%
Magic:  3/14       EV: 11    Int: 17    God:    Ignis [*****.]
Gold:   310        SH:  0    Dex:  9    Spells: 14/16 levels left

rFire   + . .      SeeInvis .    u - +0 dagger (vamp)
rCold   . . .      Faith    .    (no shield)
rNeg    . . .      Spirit   .    b - +0 robe
rPois   .          Reflect  .    (helmet restricted)
rElec   .          Rampage  .    m - scarf {+Inv}
rCorr   .                        (no gloves)
Will    .....                    (no boots)
Stlth   +                        (no amulet)
HPRegen 0.28/turn                (no ring)
MPRegen 0.14/turn                (no ring)

@: no status effects
A: claws 2, horns 2, spiny 1
a: Renounce Religion, Evoke Invisibility, Fiery Armour, Foxfire Swarm, Rising
Flame


You were on level 6 of the Dungeon.
You worshipped Ignis.
Ignis was extremely pleased with you.
You visited 1 branch of the dungeon, and saw 6 of its levels.

You collected 310 gold pieces.

Inventory:

Hand Weapons
 u - a +0 vampiric dagger (weapon)
Missiles
 c - 60 stones
 e - 4 poisoned darts (quivered)
Armour
 b - a +0 robe (worn)
 m - a scarf of invisibility (worn)
Magical Staves
 q - a staff of conjuration
Jewellery
 k - a +6 ring of intelligence
 l - a ring of flight
 t - a ring of poison resistance
Scrolls
 f - a scroll of silence {unknown}
 g - 3 scrolls of teleportation {unknown}
 i - a scroll of enchant weapon {unknown}
 n - a scroll of blinking {unknown}
 o - a scroll of fear {unknown}
 r - 4 scrolls of identify {unknown}
Potions
 a - a potion of berserk rage {unknown}
 d - 5 potions of curing {unknown}
 h - a potion of cancellation {unknown}
 j - 2 potions of brilliance {unknown}
 p - a potion of degeneration {unknown}
 s - a potion of might {unknown}


   Skills:
 + Level 3.8 Fighting
 - Level 2.6 Maces & Flails
 - Level 5.0 Spellcasting
 - Level 7.0 Fire Magic


You had 14 spell levels left.
You knew the following spells:

 Your Spells              Type           Power      Damage    Failure   Level
a - Scorch                Fire           56%        2d7       1%          2

Your spell library contained the following spells:

 Spells                   Type           Power      Damage    Failure   Level
 Inner Flame              Hex/Fire       16%        N/A       10%         3
 Volatile Blastmotes      Fire/Tloc      32%        2d12      10%         3
 Slow                     Hex            16%        N/A       14%         1
 Poisonous Vapours        Pois/Air       8%         N/A       22%         2
 Static Discharge         Conj/Air       8%         2-3/arc   22%         2
 Flame Wave               Conj/Fire      16%        2d7       32%         4
 Confusing Touch          Hex            4%         N/A       38%         3
 Dazzling Flash           Conj/Hex       8%         N/A       38%         3
 Mephitic Cloud           Conj/Pois/Air  4%         N/A       38%         3
 Vampiric Draining        Necr           4%         2d6       38%         3
 Airstrike                Air            2%         2d(1-17)  80%         4
 Iskenderun's Mystic Bla  Conj/Tloc      4%         2d3       80%         4
 Summon Lightning Spire   Summ/Air       4%         N/A       80%         4
 Freezing Cloud           Conj/Ice/Air   2%         6-21      98%         5
 Yara's Violent Unravell  Hex/Tmut       2%         3d3       98%         5
 Starburst                Conj/Fire      8%         6d4       99%         6
 Summon Cactus Giant      Summ           2%         N/A       100%        6
 Enfeeble                 Hex            2%         N/A       100%        7


Dungeon Overview and Level Annotations

Branches:
Dungeon (6/15)
 Temple: D:4-7

Altars:
Okawaru
Trog

Annotations:
D:5 1 exclusion


Innate Abilities, Weirdness & Mutations

You have very sharp fingernails.
You have a pair of horns on your head.
You are partially covered in sharp spines.


Message History

The orc warrior barely misses you.
Things that are here:
a +0 halberd; a +0 robe
There is a stone staircase leading up here.
The orc warrior hits you from afar with a +0 glaive!
You climb upwards.
Level annotation: 1 exclusion
There is a stone staircase leading down here.
You start resting.
Magic restored.
You start resting.
HP restored.
You climb downwards.
There is a stone staircase leading up, spattered with blood here.
Flames lash the orc warrior.
The orc warrior is lightly wounded.
The orc warrior's fire resistance burns away.
The orc warrior barely misses you.
Flames lash the orc warrior.
The orc warrior is lightly wounded.
The orc warrior hits you from afar with a +0 glaive!!
Flames lash the orc warrior.
The orc warrior is burned terribly!
The orc warrior is moderately wounded.
The orc warrior closely misses you. The orc warrior closely misses you.
You hit the orc warrior but do no damage.
You headbutt the orc warrior.
The orc warrior is moderately wounded.
The orc warrior hits you with a +0 glaive!
Flames lash the orc warrior.
The orc warrior is burned terribly!
The orc warrior is heavily wounded.
The orc warrior is struck by your spines.
The orc warrior hits you with a +0 glaive!
Flames lash the orc warrior but do no damage.
The orc warrior is struck by your spines.
The orc warrior hits you with a +0 glaive!
* * * LOW HITPOINT WARNING * * *
Flames lash the orc warrior but do no damage.
The orc warrior hits you with a +0 glaive!!
You die...

### #.#########
#.†)[)....####
#.#######.o@<#
#)############
#.).......
#).#########
######..#.......#####
......o..............
######..#.###.##g###
###..#.....).l..#
#.....♣♣##.#<.#.#


You could see an orc warrior (combustible).

Vanquished Creatures
  Menkaure (D:5)
  Edmund (D:5)
  A centaur (D:5)
  A phantom (D:4)
  A gnoll sergeant (D:6)
  A scorpion (D:4)
  A wight (D:6)
  An orc priest (D:5)
  2 hounds
  A jelly (D:5)
  2 iguanas
  2 orc wizards (D:5)
  7 gnolls
  2 river rats (D:6)
  5 adders
  3 dart slugs
  10 orcs
  2 ball pythons
  9 endoplasms
  A giant cockroach (D:1)
  3 goblins
  5 hobgoblins
  8 kobolds
  3 quokkas
  A bat (D:1)
  4 frilled lizards
  7 rats
85 creatures vanquished.

Vanquished Creatures (others)
  A wizard (D:3)
  44 plants (D:6)
45 creatures vanquished.

Grand Total: 130 creatures vanquished

Notes
Turn   | Place    | Note
-------+----------+-------------------------------------------
     0 | D:1      | themarg the Demonspawn Cinder Acolyte began the quest for
                  | the Orb.
     0 | D:1      | Reached XP level 1. HP: 18/18 MP: 2/2
   208 | D:1      | Reached skill level 3 in Fire Magic
   208 | D:1      | Gained mutation: You are partially covered in sharp spines.
                  | [demonic ancestry]
   208 | D:1      | Reached XP level 2. HP: 21/24 MP: 2/4
   211 | D:1      | Learned a level 2 spell: Scorch
   706 | D:1      | Discovered your monstrous ancestry.
   706 | D:1      | Gained mutation: You have a pair of small horns on your
                  | head. [demonic ancestry]
   706 | D:1      | Reached XP level 3. HP: 20/29 MP: 0/6
  1647 | D:2      | Reached skill level 4 in Fire Magic
  2090 | D:3      | Gained mutation: You have sharp fingernails. [demonic
                  | ancestry]
  2090 | D:3      | Reached XP level 4. HP: 35/35 MP: 2/7
  2644 | D:3      | Found a bloodstained altar of Trog.
  2773 | D:3      | Noticed a wizard
  2779 | D:3      | Killed a wizard
  3128 | D:4      | Noticed a phantom
  3157 | D:4      | Killed a phantom
  3158 | D:4      | Reached skill level 5 in Fire Magic
  3158 | D:4      | Gained mutation: You have a pair of horns on your head.
                  | [demonic ancestry]
  3158 | D:4      | Reached XP level 5. HP: 27/41 MP: 1/8
  3830 | D:4      | Found an iron altar of Okawaru.
  3839 | D:5      | Entered Level 5 of the Dungeon
  3846 | D:5      | Reached skill level 6 in Fire Magic
  3846 | D:5      | Reached XP level 6. HP: 47/47 MP: 4/9
  4688 | D:5      | Noticed Menkaure
  4701 | D:5      | Killed Menkaure
  4702 | D:5      | Gained mutation: You have very sharp fingernails. [demonic
                  | ancestry]
  4702 | D:5      | Reached XP level 7. HP: 52/52 MP: 5/13
  4780 | D:5      | Noticed Edmund
  4789 | D:5      | Killed Edmund
  5497 | D:6      | Reached skill level 7 in Fire Magic
  5499 | D:6      | Reached skill level 5 in Spellcasting
  5762 | D:6      | Slain by an orc warrior

Illustrated notes

Levels and vault maps discovered:
D:1:      sevenhm_arrival_forest_fort_large_2, layout_loops_cross,
          corexii_leaking_fountain, grunt_decor_clamped,
          amcnicky_mini_pool_small
D:2:      layout_basic
D:3:      layout_basic, trog_wizard, serial_bayou_crossing
D:4:      layout_gridville, kennysheep_mini_moat
D:5:      layout_gridville, due_unseen_surprise, uniq_menkaure, uniq_edmund
D:6:      wad_woods_stonehenge, layout_basic, old_standard_altar,
          amethyst_killhole

Skill      XL: |  1  2  3  4  5  6  7 |
---------------+----------------------+-----
Fire Magic     | 3 4 5 6 7 |  7.0
Spellcasting   | 2 4 5 |  5.0
Fighting       | |  3.8
Maces & Flails | |  2.6

Action                     |  1- 3 |  4- 6 |  7- 9 || total
---------------------------+-------+-------+-------++-------
  Melee: Mace              |    40 |    10 |       ||    50
         Dagger            |       |       |    10 ||    10
         Headbutt          |       |       |     4 ||     4
  Throw: Dart              |       |       |     8 ||     8
   Cast: Scorch            |    23 |    52 |    37 ||   112
 Invoke: Fiery Armour      |       |       |     1 ||     1
   Stab: Sleeping          |     1 |       |       ||     1
 Armour: Robe              |    11 |     2 |     3 ||    16
  Dodge: Dodged            |    14 |     6 |    22 ||    42

Table legend: (Time is in decaauts)
 A = Elapsed time spent in this place.
 B = Non-inter-level travel time spent in this place.
 C = Inter-level travel time spent in this place.
 D = Time resting spent in this place.
 E = Time spent auto-exploring this place.
 F = Levels seen in this place.
 G = Mean time per level.
                   A        B        C        D        E       F      G
               +--------+--------+--------+--------+--------+-----+--------+
         Total |   5787 |   5517 |    270 |    265 |   4600 |   6 |  964.5 |
       Dungeon |   5787 |   5517 |    270 |    265 |   4600 |   6 |  964.5 |
               +--------+--------+--------+--------+--------+-----+--------+

Top non-repeatable levels by time:
     D:5: 1701 daAuts
     D:1: 1203 daAuts
     D:4: 1000 daAuts
     D:2: 892 daAuts
     D:3: 763 daAuts
     D:6: 225 daAuts
